AoeStats
← FatFizt

QS Arena

503223829Analyzed
2v2 RM · 1mo ago on Aug 30, 2026· 21m 23s· 4 players
Game mode
Random Map
Map size
Medium (4 player)
Population
200
Speed
Normal
Resources
Standard
Victory
Conquest
Starting age
Dark Age
Ending age
Imperial Age
RankedLock teamsTeams togetherTeam positionsShared explorationLock speedFull tech treeHidden civsTurbo modeCheats
Victory
Defeat
🇹🇷 Malians · Türkiye
1309
+13
🇹🇷 Spanish · Türkiye
1192
+18
🇲🇽 Turks · Mexico
1246
-16
🇵🇪 Vikings · Peru
1226
-15
FatFizt
7:40 Feudal Age
9:33 Loom
13:34 Castle Age
12:51 Horse Collar
12:58 Double-Bit Axe
13:23 Horse Collar
14:26 Bow Saw
18:30 Wheelbarrow
19:25 Gold Mining
20:41 Fletching
MC 14/60
8:12 Feudal Age
12:14 Castle Age
12:57 Double-Bit Axe
12:53 Horse Collar
17:53 Loom
18:51 Bow Saw
19:41 Heavy Plow
Lord.Erdali
9:31 Feudal Age
13:08 Castle Age
11:27 Double-Bit Axe
11:29 Horse Collar
12:11 Loom
15:26 Gold Mining
15:54 Bow Saw
Fringless
8:22 Feudal Age
10:03 Double-Bit Axe
12:20 Castle Age
10:37 Horse Collar
11:40 Man-at-Arms
13:33 Scale Mail Armor
14:40 Long Swordsman
16:06 Squires
17:37 Arson
18:13 Chain Mail Armor
21:30 Squires
21:17 Arson
Connection lost

Rejoining the realm…

Still unreachable

The connection could not be restored.

Session expired

The server has moved on; the page needs a fresh start.